 Dungeon Crawl Stone Soup version 0.31-a0-968-g24f9ace8b5 (webtiles) character file.

Game seed: 18427802586691768086

14 Xavori the Trooper (level 2, -2/25 HPs)
             Began as a Djinni Chaos Knight on Oct 27, 2023.
             Was a Plaything of Xom.
             Slain by a kobold
             ... wielding a +0 whip
              (4 damage)
             ... on level 1 of the Dungeon.
             The game lasted 00:00:15 (511 turns).

Xavori the Trooper (Djinni Chaos Knight)             Turns: 511, Time: 00:00:15

Health: -2/25      AC:  5    Str: 11    XL:     2   Next: 60%
Gold:   8          EV: 11    Int: 13    God:    Xom [..*...] SH:  0 Dex: 12

rFire   + + .        a - +0 falchion (chaos)
rCold   x . .        (no shield)
rNeg    . . .        b - +2 leather armour
rPois   ∞            (no helmet)
rElec   .            (no cloak)
rCorr   .            (no gloves)
SInv    .            (boots unavailable)
Will    .....        (no amulet)
Stlth   +            (no ring)
HPRegen 0.24/turn    (no ring)
MPRegen 0.00/turn

%: infuse magic (-3 HP)
@: flying
A: sickness immunity, fire resistance 2, cold vulnerability 1, float, innate
caster, HP casting, extra vitality 1
a: Renounce Religion


You were on level 1 of the Dungeon.
You worshipped Xom.
You were a toy of Xom.
You visited 1 branch of the dungeon, and saw 1 of its levels.

You collected 8 gold pieces.

Inventory:

Hand Weapons
 a - a +0 falchion of chaos (weapon)
Armour
 b - a +2 leather armour (worn)
Scrolls
 c - a scroll of butterflies
 d - a scroll of amnesia {unknown}


   Skills:
 + Level 3.1 Fighting
 + Level 2.8 Long Blades
 + Level 1.2 Armour
 + Level 2.3 Dodging
 * Level 0.4 Spellcasting
 * Level 0.4 Conjurations
 * Level 0.4 Hexes
   Level 0.0 Charms
 * Level 0.4 Summonings
 * Level 0.4 Necromancy
 * Level 0.4 Translocations
 * Level 0.4 Transmutations
 * Level 0.4 Fire Magic
 * Level 0.4 Ice Magic
 * Level 0.4 Air Magic
 * Level 0.4 Earth Magic
 * Level 0.4 Poison Magic You didn't know any spells. Your spell library was empty.

Dungeon Overview and Level Annotations

Branches:
Dungeon (1/15)

Altars:


Innate Abilities, Weirdness & Mutations

You are immune to sickness and miasma.
You are immune to poison.
Your flesh is very heat resistant. (rF++)
You are vulnerable to cold. (rC-)
You float through the air rather than walking.
You learn spells naturally, not from books.
Your magical power is your life essence.
You have superior vitality. (+4 MHP)


Message History

You barely miss the endoplasm.
You punch the endoplasm, but do no damage.
The endoplasm freezes you.
You are frozen.
You feel a terrible chill!
Xom thinks this is hilarious!
You hit the endoplasm but do no damage.
The endoplasm seems to speed up.
The endoplasm closely misses you.
The endoplasm hits you but does no damage.
You hit the endoplasm but do no damage.
The endoplasm hits you but does no damage.
The endoplasm hits you.
You hit the endoplasm. You burn the endoplasm.
The endoplasm is heavily wounded.
The endoplasm barely misses you. The kobold closely misses you.
You barely miss the endoplasm.
The endoplasm is heavily wounded.
The endoplasm barely misses you. The endoplasm freezes you.
You are frozen!
You feel a terrible chill! The kobold hits you with a +0 whip.
You are too injured to fight recklessly!
You are too injured to fight recklessly!
You are too injured to fight recklessly!
You hit the endoplasm. You freeze the endoplasm.
The endoplasm is almost dead.
The endoplasm misses you. The kobold hits you with a +0 whip.
* * * LOW HITPOINT WARNING * * *
The endoplasm freezes you.
You are frozen.
You feel a terrible chill!
Xom roars with laughter!
* * * LOW HITPOINT WARNING * * *
You hit the endoplasm.
You kill the endoplasm!
The dead are walking!
The kobold closely misses you.
You closely miss the kobold. The kobold barely misses you.
Unknown command.
You hit the kobold.
The kobold seems to grow stronger.
The kobold is severely wounded.
The kobold hits you with a +0 whip.
You die... "It was about time."

#.....#.#
#.####......
###
##.#....###.#
.. #......## .#
#..###.# .#
#######......#
.#
#........#####
.# #........#
...# #..@.[...#
###+ #....
#)...K......#
.... ...
#....Z......#
.... .
#...$..........
....
#............##
....
#............#
....
#............#
....
#............#
.... ..P.


You could see a kobold (strong, ally target) and a friendly endoplasm zombie.

Vanquished Creatures
  A gnoll (D:1)
  An endoplasm (D:1)
  2 kobolds (D:1)
  A rat (D:1)
5 creatures vanquished.

Notes
Turn   | Place    | Note
-------+----------+-------------------------------------------
     0 | D:1      | Xavori the Djinni Chaos Knight began the quest for the Orb.
     0 | D:1      | Reached XP level 1. HP: 20/20 MP: 0/0
    37 | D:1      | XOM: silly message
    41 | D:1      | Reached XP level 2. HP: 8/25 MP: 0/0
   294 | D:1      | XOM: butterfly on damage
   480 | D:1      | XOM: 5-stop teleportation journey
   508 | D:1      | HP: 1/25 [frozen (6)]
   511 | D:1      | Slain by a kobold

Illustrated notes

Levels and vault maps discovered:
D:1:      onia_arrival_pyramid, layout_basic, chequers_ecumenical_altar_lobes,
          serial_forest, infiniplex_forest_end_double,
          infiniplex_forest_straight_1, infiniplex_forest_clump_large,
          infiniplex_forest_zigzag_1, infiniplex_forest_fountain,
          infiniplex_forest_straight_5

Action                     || total
---------------------------++-------
  Melee: Falchion          ||    25
         Punch             ||     1
 Armour: Leather armour    ||    16
  Dodge: Dodged            ||    12

Table legend: (Time is in decaauts)
 A = Elapsed time spent in this place.
 B = Non-inter-level travel time spent in this place.
 C = Inter-level travel time spent in this place.
 D = Time resting spent in this place.
 E = Time spent auto-exploring this place.
 F = Levels seen in this place.
 G = Mean time per level.
                   A        B        C        D        E       F      G
               +--------+--------+--------+--------+--------+-----+--------+
         Total |    514 |    514 |      0 |    353 |    115 |   1 |  514.0 |
       Dungeon |    514 |    514 |      0 |    353 |    115 |   1 |  514.0 |
               +--------+--------+--------+--------+--------+-----+--------+

Top non-repeatable levels by time:
     D:1: 514 daAuts
